 Dungeon Crawl Stone Soup version 0.31-a0-1074-g0b22e4e0f1 (webtiles) character file.

Game seed: 11803366703268653552

29349 freelancePsychic the Fighter (level 13, 0/103 HPs)
             Began as a Djinni Air Elementalist on Nov 28, 2023.
             Was an Elder of Ru.
             Killed from afar by a bog body (35 damage)
             ... with a bolt of cold
             ... on level 3 of the Lair of Beasts.
             The game lasted 00:25:33 (14142 turns).

freelancePsychic the Fighter (DjAE)                Turns: 14142, Time: 00:25:33

Health: 0/103      AC:  8    Str: 12    XL:     13   Next: 80%
Gold:   1468       EV: 16    Int: 22    God:    Ru [****..] SH:  0 Dex: 14

rFire   + + .        O - +0 demon whip (venom)
rCold   . . .        (no shield)
rNeg    . . .        N - +3 troll leather armour
rPois   ∞            G - +0 helmet {SInv}
rElec   .            p - +0 cloak
rCorr   .            (no gloves)
SInv    +            (boots unavailable)
Will    ++...        e - amulet of regeneration Stlth
                     q - ring of protection from cold
HPRegen 1.97/turn    B - ring of Heresy {rPois Will+ Str+5}
MPRegen 0.00/turn

%: infuse magic (-1 HP)
@: horrified, flying
A: sickness immunity, fire resistance 2, cold vulnerability 1, no stealth,
inability to use devices, cowardly, float, innate caster, HP casting, extra
vitality 1, no forms
a: Renounce Religion, Draw Out Power, Power Leap


You were on level 3 of the Lair of Beasts.
You worshipped Ru.
Ru was greatly pleased with you.
You visited 3 branches of the dungeon, and saw 15 of its levels.
You also visited: Bailey.

You collected 2109 gold pieces.
You spent 641 gold pieces at shops.

Inventory:

Hand Weapons
 b - a +2 short sword of venom
 O - a +0 demon whip of venom (weapon)
Missiles
 j - 3 curare-tipped darts
Armour
 p - a +0 cloak (worn)
 w - a +1 leather armour of poison resistance
 G - a +0 helmet of see invisible (worn)
 N - a +3 troll leather armour (worn)
Jewellery
 e - an amulet of regeneration (around neck)
 q - a ring of protection from cold (left hand)
 r - a ring of protection from fire
 y - a +5 ring of evasion
 B - the ring of Heresy (right hand) {rPois Will+ Str+5}
   (You found it on level 7 of the Dungeon)

   [ring of poison resistance]

   Str+5:     It affects your strength (+5).
   rPois:     It protects you from poison Will+: It increases your willpower.
 D - the ring "Sofraziu" {Wiz Fly rF+ rN+ Slay-5}
   (You found it on level 7 of the Dungeon)

   [ring of wizardry]

   Wiz:       It improves your spell success rate.
   Slay-5:    It affects your accuracy & damage with ranged weapons and melee
   (-5).
   rF+:       It protects you from fire.
   rN+:       It protects you from negative energy.
   Fly:       It grants you flight.
Wands
 l - a wand of polymorph (3)
 v - a wand of paralysis (19)
 K - a wand of iceblast (16)
Scrolls
 a - a scroll of fear
 c - 2 scrolls of enchant armour
 g - 2 scrolls of amnesia
 i - a scroll of revelation
 m - a scroll of fog
 o - 2 scrolls of blinking
 s - a scroll of teleportation {@r4}
 t - a scroll of vulnerability
 A - 2 scrolls of noise
 E - 7 scrolls of identify {@r1}
 J - 2 scrolls of brand weapon
 L - a scroll of torment
Potions
 d - a potion of berserk rage
 f - 5 potions of haste {unknown}
 h - 3 potions of brilliance {unknown}
 k - 2 potions of resistance {unknown}
 n - 3 potions of ambrosia {unknown}
 u - 8 potions of curing {@q1}
 x - 2 potions of attraction {unknown}
 z - a potion of magic {unknown}
 C - 5 potions of enlightenment
 F - 3 potions of degeneration {unknown}
 H - 2 potions of might {unknown}
 I - 2 potions of lignification
 M - a potion of mutation {unknown}


   Skills:
 + Level 13.2 Fighting
 + Level 9.8 Dodging
 + Level 12.5 Spellcasting
 + Level 12.5 Conjurations
 + Level 12.5 Hexes
 + Level 12.5 Summonings
 + Level 12.5 Necromancy
 + Level 12.5 Translocations
 + Level 12.5 Transmutations
 + Level 12.5 Fire Magic
 + Level 12.5 Ice Magic
 + Level 12.5 Air Magic
 + Level 12.5 Earth Magic
 + Level 12.5 Poison Magic


You knew the following spells:

 Your Spells              Type           Power      Damage    Failure   Level
a - Shock                 Conj/Air       100%       1d9       1%          1
b - Iskenderun's Battles  Conj           58%        2d11      1%          5
c - Swiftness             Air            58%        N/A       1%          3
d - Airstrike             Air            29%        2d(5-21)  1%          4
e - Kiss of Death         Conj/Necr      100%       2d13      1%          1
f - Blink                 Tloc           100%       N/A       1%          2
g - Hailstorm             Conj/Ice       58%        3d13      1%          3
h - Gell's Gravitas       Tloc           58%        N/A       1%          3
i - Agony                 Necr           58%        N/A       1%          5
j - Static Discharge      Conj/Air       100%       3-8/arc   1%          2
Your spell library was empty.

Dungeon Overview and Level Annotations

Branches:
Dungeon (11/15)            Temple (1/1) D:5            Lair (3/5) D:11
  Swamp (0/4) Lair:3       Spider (0/4) Lair:3       Bailey (visited)
    Orc: D:9-12

Altars:
Ashenzari
Cheibriados
Dithmenos
Elyvilon
Fedhas
Gozag
Hepliaklqana
Makhleb
Nemelex Xobeh
Okawaru
Qazlal
Ru
Uskayaw
Wu Jian
Xom
Yredelemnul
Zin
The Shining One

Shops:
D:5 (=   D:7 [   D:8 !

Annotations:
D:3 1 exclusion
D:7 1 runed translucent door, Crazy Yiuf
D:9 1 runed translucent door
D:10 3 runed translucent doors
Lair:3 1 transporter, exclusion: oklob plant, Iluushri's ghost, journeyman DjCK


Innate Abilities, Weirdness & Mutations

You are immune to sickness and miasma.
You are immune to poison.
Your flesh is very heat resistant. (rF++)
You are vulnerable to cold. (rC-)
You cannot be stealthy.
You cannot study or use magical devices.
Your cowardice makes you less effective in combat with threatening foes.
You float through the air rather than walking.
You learn spells naturally, not from books.
Your magical power is your life essence.
You have superior vitality. (+4 MHP)
You cannot voluntarily change form.


Message History

2 bog bodies come into view.
Found a staircase to the Swamp.
You feel a twist of horror at the sight of this foe.
There are monsters nearby!
There are monsters nearby!
There are monsters nearby!
The air twists around and strikes the bog body!
The bog body is moderately damaged.
The air twists around and strikes the bog body.
The bog body is heavily damaged.
The air twists around and strikes the bog body!
The bog body is severely damaged.
The bog body gestures at you while chanting.
The bolt of cold hits you!!
You feel a twist of horror at the sight of this foe.
There are monsters nearby!
The air twists around and strikes the bog body!!
The bog body is severely damaged.
Casting: Airstrike (safe; 1% risk of failure)
Confirm with . or Enter, or press ? or * to list all spells.
You conjure a globe of magical energy.
The air twists around and strikes the bog body!
The bog body is almost destroyed.
The bog body touches you! The bog body freezes you!!
You are too injured to fight recklessly!
Casting: Airstrike (safe; 1% risk of failure)
Confirm with . or Enter, or press ? or * to list all spells.
You recall your battlesphere and imbue it with additional charge.
The bog body misses you.
Aiming: Airstrike (safe; 1% risk of failure)
Press: ? - help, Q - select action, (/) - cycle Dir - move target, f/p - bog body
Aim: a bog body (almost destroyed, empty space bonus: 3/8)
The air twists around and strikes the bog body.
The bog body is almost destroyed.
Your battlesphere fires!
The barrage of energy hits the bog body!
You destroy the bog body!
The bog body casts a spell at you. The bolt of cold hits you!!
You die...

..... ....# ..♣§§§~
§§§.. .....
...♣§§♣§.§...#
....#......§§♣§......
....................
............#.......##
....#...........#....##.
...............n*#......
#.+##.#.........@.......
..............#.....#.##
.#.........©○..#...P#
.........#####...#..#
###.#P..##YSD##........
##...##Y###F##...##.. #
#P..##~....$~##.......
###..##8...~...8##...P..
##..##..#.###.#~.##...


You could see a five-headed hydra, a bog body, a cane toad, a water moccasin and
a friendly battlesphere.

Vanquished Creatures
  Gastronok (D:9)
  2 boulder beetles (D:11)
  3 two-headed ogres
  Amaemon (Lair:3)
  Lodul (D:10)
  A bog body (Lair:3)
  Pikel (D:7)
  3 cyclopes (D:11)
  4 elephants (Lair:2)
  A manticore (D:11)
  3 black mambas
  A torpor snail (Lair:2)
  An orange demon (Lair:3)
  7 cane toads
  3 rime drakes
  A komodo dragon (Lair:1)
  A freezing wraith (D:11)
  A troll (D:11)
  A polar bear (Lair:3)
  5 blink frogs (Lair:3)
  3 wyverns
  37 yaks
  Grum (D:9)
  A steam dragon (D:10)
  11 vampire mosquitoes
  3 basilisks
  An acid dragon (D:11)
  7 water moccasins
  Duvessa (D:5)
  10 orc warriors
  An ice beast (D:7)
  3 black bears
  2 sky beasts
  4 centaurs
  8 ogres
  16 wolves
  A phantom (D:6)
  2 kobold brigands
  6 bullfrogs
  Blork the orc (D:4)
  2 scorpions (D:5)
  A gnoll sergeant (D:6)
  4 wights (D:7)
  Dowan (D:5)
  8 killer bees (D:9)
  3 howler monkeys
  An electric eel (Lair:3)
  A lava snake (Lair:1)
  2 hounds (D:6)
  5 orc priests
  A gnoll bouda (D:5)
  3 iguanas (D:6)
  2 jellies
  3 sleepcaps
  Ijyb (D:3)
  5 orc wizards
  3 adders
  11 gnolls
  A white imp (D:7)
  2 ufetubi (D:6)
  A dart slug (D:4)
  3 worms
  20 orcs
  2 bats
  8 endoplasms
  A giant cockroach (D:3)
  12 goblins
  8 hobgoblins
  3 jackals
  2 quokkas
  12 ball pythons
  6 frilled lizards
  24 kobolds
323 creatures vanquished.

Notes
Turn   | Place    | Note
-------+----------+-------------------------------------------
     0 | D:1      | freelancePsychic the Djinni Air Elementalist began the
                  | quest for the Orb.
     0 | D:1      | freelancePsychic set off with the following spells
                  | memorised: Shock, Static Discharge, Swiftness, Airstrike.
     0 | D:1      | Reached XP level 1. HP: 15/15 MP: 0/0
    99 | D:1      | Reached XP level 2. HP: 20/22 MP: 0/0
   226 | D:1      | Reached skill level 1 in Fighting
   356 | D:1      | Reached XP level 3. HP: 26/27 MP: 0/0
   356 | D:1      | Learned a level 1 spell: Kiss of Death
  1223 | D:2      | Found a faded altar of an unknown god.
  1575 | D:3      | Reached skill level 2 in Fighting
  1575 | D:3      | Reached XP level 4. HP: 31/33 MP: 0/0
  2189 | D:3      | Noticed Ijyb
  2191 | D:3      | Paralysed by Ijyb for 5 turns
  2199 | D:3      | Paralysed by Ijyb for 5 turns
  2206 | D:3      | Killed Ijyb
  2207 | D:3      | Reached XP level 5. HP: 17/36 MP: 0/0
  2207 | D:3      | Learned a level 2 spell: Blink
  2331 | D:3      | Noticed a moth of wrath
  2621 | D:3      | Found a hazy altar of Hepliaklqana.
  2930 | D:4      | Noticed Blork the orc
  2941 | D:4      | Killed Blork the orc
  2942 | D:4      | Reached XP level 6. HP: 17/41 MP: 0/0
  3103 | D:4      | Noticed an ogre
  3141 | D:4      | Killed an ogre
  3142 | D:4      | Reached skill level 3 in Fighting
  3592 | D:5      | Entered Level 5 of the Dungeon
  3700 | D:5      | Reached skill level 5 in Spellcasting
  3700 | D:5      | Reached skill level 5 in Conjurations
  3700 | D:5      | Reached skill level 5 in Hexes
  3700 | D:5      | Reached skill level 5 in Summonings
  3700 | D:5      | Reached skill level 5 in Necromancy
  3700 | D:5      | Reached skill level 5 in Translocations
  3700 | D:5      | Reached skill level 5 in Transmutations
  3700 | D:5      | Reached skill level 5 in Fire Magic
  3700 | D:5      | Reached skill level 5 in Ice Magic
  3700 | D:5      | Reached skill level 5 in Air Magic
  3700 | D:5      | Reached skill level 5 in Earth Magic
  3700 | D:5      | Reached skill level 5 in Poison Magic
  3775 | D:5      | Found Jitacuk's Jewellery Emporium.
  3789 | D:5      | Reached XP level 7. HP: 45/50 MP: 0/0
  3789 | D:5      | Learned a level 3 spell: Hailstorm
  3993 | D:5      | Reached skill level 4 in Fighting
  4523 | D:5      | Found a staircase to the Ecumenical Temple.
  4523 | D:5      | Noticed a water moccasin
  4529 | D:5      | Killed a water moccasin
  4538 | Temple   | Entered the Ecumenical Temple
  4575 | Temple   | Became a worshipper of Ru the Awakened
  4644 | D:5      | Noticed Duvessa
  4644 | D:5      | Noticed Dowan
  4656 | D:5      | Killed Duvessa
  4657 | D:5      | Reached XP level 8. HP: 34/54 MP: 0/0
  4665 | D:5      | Killed Dowan
  4764 | D:5      | Found Rirr's Antique Weapon Shoppe.
  5019 | D:5      | Reached skill level 5 in Fighting
  6588 | D:6      | Reached XP level 9. HP: 62/66 MP: 0/0
  6588 | D:6      | Learned a level 3 spell: Gell's Gravitas
  6799 | D:6      | Found a burning altar of Makhleb.
  6799 | D:6      | Noticed a balrug
  6837 | D:6      | Reached skill level 6 in Fighting
  6896 | D:6      | Gained mutation: Your cowardice makes you less effective in
                  | combat with threatening foes. [Ru sacrifice]
  6896 | D:6      | Reached * piety under Ru
  7135 | D:7      | Found a flagged portal.
  7145 | D:7      | Identified the ring of Heresy {rPois Will+ Str+5}
  7152 | Bailey   | Entered a bailey
  8066 | D:7      | Reached skill level 7 in Fighting
  8119 | D:5      | Bought an amulet of regeneration for 300 gold pieces
  8254 | D:7      | Identified the ring "Sofraziu" {Wiz Fly rF+ rN+ Slay-5}
  8269 | D:7      | Reached XP level 10. HP: 72/75 MP: 0/0
  8321 | D:7      | Noticed Pikel
  8325 | D:7      | Killed Pikel
  8551 | D:7      | Found a runed translucent door.
  8552 | D:7      | Noticed Crazy Yiuf
  8629 | D:7      | Reached skill level 8 in Fighting
  8754 | D:7      | Found Nukisa's Antique Armour Emporium.
  8757 | D:7      | Bought a shiny helmet for 187 gold pieces
  9185 | D:8      | Found a glowing golden altar of the Shining One.
  9282 | D:8      | Gained mutation: You cannot be stealthy. [Ru sacrifice]
  9357 | D:8      | Found Sidigh's Distillery.
  9364 | D:8      | Bought a potion of curing for 42 gold pieces
  9364 | D:8      | Bought a potion of heal wounds for 70 gold pieces
  9364 | D:8      | Bought a potion of lignification for 42 gold pieces
  9807 | D:9      | Noticed Gastronok
  9831 | D:9      | Killed Gastronok
  9832 | D:9      | Reached skill level 9 in Fighting
  9832 | D:9      | Reached skill level 10 in Spellcasting
  9832 | D:9      | Reached skill level 10 in Conjurations
  9832 | D:9      | Reached skill level 10 in Hexes
  9832 | D:9      | Reached skill level 10 in Summonings
  9832 | D:9      | Reached skill level 10 in Necromancy
  9832 | D:9      | Reached skill level 10 in Translocations
  9832 | D:9      | Reached skill level 10 in Transmutations
  9832 | D:9      | Reached skill level 10 in Fire Magic
  9832 | D:9      | Reached skill level 10 in Ice Magic
  9832 | D:9      | Reached skill level 10 in Air Magic
  9832 | D:9      | Reached skill level 10 in Earth Magic
  9832 | D:9      | Reached skill level 10 in Poison Magic
  9832 | D:9      | Reached XP level 11. HP: 25/84 MP: 0/0
  9832 | D:9      | Learned a level 5 spell: Agony
  9983 | D:9      | Noticed a sixfirhy
  9984 | D:9      | Found a runed translucent door.
 10300 | D:9      | You are sucked into a shaft and drop 2 floors!
 10363 | D:11     | Noticed a manticore
 10369 | D:11     | Killed a manticore
 10453 | D:11     | Noticed a two-headed ogre
 10459 | D:11     | Noticed a boulder beetle
 10460 | D:11     | Killed a two-headed ogre
 10461 | D:11     | Reached skill level 10 in Fighting
 10472 | D:11     | Noticed a cyclops
 10485 | D:11     | Killed a boulder beetle
 10534 | D:10     | Entered Level 10 of the Dungeon
 10556 | D:10     | Found a runed translucent gate.
 10556 | D:10     | Found a runed translucent gate.
 10556 | D:10     | Found a runed translucent gate.
 10558 | D:10     | Noticed a death yak
 10559 | D:10     | Noticed a manticore
 10665 | D:10     | Noticed Lodul
 10679 | D:10     | Killed Lodul
 10680 | D:10     | Noticed a two-headed ogre
 10756 | D:9      | Noticed Grum
 10853 | D:9      | Found a broken altar of Ashenzari.
 10874 | D:9      | Killed Grum
 10875 | D:9      | Reached XP level 12. HP: 79/92 MP: 0/0
 11109 | D:10     | Killed a two-headed ogre
 11262 | D:10     | Noticed a two-headed ogre
 11265 | D:10     | Killed a two-headed ogre
 11266 | D:10     | Reached skill level 11 in Fighting
 11270 | D:10     | Reached skill level 5 in Dodging
 11540 | D:11     | Noticed a boulder beetle
 11552 | D:11     | Killed a boulder beetle
 11582 | D:11     | Found a staircase to the Lair.
 12135 | Lair:1   | Entered Level 1 of the Lair of Beasts
 12186 | D:11     | Gained mutation: You cannot study or use magical devices.
                  | [Ru sacrifice]
 12186 | D:11     | Reached ** piety under Ru
 12186 | D:11     | Reached *** piety under Ru
 12186 | D:11     | Reached **** piety under Ru
 12458 | Lair:1   | Reached skill level 12 in Fighting
 12458 | Lair:1   | Reached XP level 13. HP: 69/101 MP: 0/0
 12458 | Lair:1   | Learned a level 5 spell: Iskenderun's Battlesphere
 13198 | Lair:2   | Identified the +6 spear of the Nexus {freeze, Fly Str+3
                  | Dex-2}
 13815 | Lair:3   | Noticed Amaemon
 13834 | Lair:3   | Found a transporter.
 13856 | Lair:3   | Reached skill level 13 in Fighting
 13883 | Lair:3   | Found a hole to the Spider Nest.
 13927 | Lair:3   | Killed Amaemon
 14114 | Lair:3   | Noticed a five-headed hydra
 14118 | Lair:3   | Noticed Iluushri's ghost (journeyman DjCK)
 14125 | Lair:3   | Gained mutation: You cannot voluntarily change form. [Ru
                  | sacrifice]
 14134 | Lair:3   | Found a staircase to the Swamp.
 14142 | Lair:3   | Killed from afar by a bog body

Illustrated notes

Levels and vault maps discovered:
D:1:      minmay_arrival_up_and_down, layout_loops_ring
D:2:      layout_loops_ring, ebering_ecumenical_altar_mist
D:3:      layout_loops_corners, tgw_trog, nicolae_hepliaklqana_hippocampus,
          uniq_ijyb
D:4:      layout_loops_ring, grunt_decor_clamped, st_stairs_4,
          uniq_blork_the_orc
D:5:      layout_loops_corners, kiku_gazebo_pond_becter,
          minmay_temple_entry_poolview, serial_shops, kennysheep_mini_moat,
          shop, minivault_24, serial_park_tiny_1, lightli_corner_chamber,
          uniq_duvessa
D:6:      layout_basic, makhleb_altar_promises_db, lexackson_kobold_supper
D:7:      layout_basic, serial_shops, nicolae_shop_statue_plus, enter_bailey_2,
          st_stairs_3, minivault_26, uniq_pikel, uniq_crazy_yiuf_cottage
D:8:      layout_rooms, nicolae_tso_swordbearing_angel, serial_shops, shop,
          wad_floor_pattern_untrapped, worms_lemuel
D:9:      cheibrodos_shockbox, layout_loops_ring, ashenzari_altar_1,
          uniq_gastronok, uniq_grum
D:10:     lemuel_bear_cage, layout_basic, uniq_lodul
D:11:     layout_stronghold, lair_entry_dummy, minmay_diced_spiral
Temple:   eino_temple_rhombus
Lair:1:   layout_gridlike, st_stairs_8
Lair:2:   layout_roguey, beast_lair_carwin_2
Lair:3:   layout_gridlike, skrybe_swamp_entry_bodies,
          spider_nest_entry_web_field, nzn_ghost_randoct, minivault_25,
          serial_bayou_pond_e, minmay_stone_trees_small, roderic_batcave,
          serial_bayou_shore_b, uniq_amaemon

Skill      XL: |  1  2  3  4  5  6  7  8  9 10 11 12 13 |
---------------+----------------------------------------+-----
Spellcasting   | 4 5 7 8 10 11 12 | 12.5
Conjurations   | 4 5 7 8 10 11 12 | 12.5
Hexes          | 4 5 7 8 10 11 12 | 12.5
Summonings     | 4 5 7 8 10 11 12 | 12.5
Necromancy     | 4 5 7 8 10 11 12 | 12.5
Translocations | 4 5 7 8 10 11 12 | 12.5
Transmutations | 4 5 7 8 10 11 12 | 12.5
Fire Magic     | 4 5 7 8 10 11 12 | 12.5
Ice Magic      | 4 5 7 8 10 11 12 | 12.5
Air Magic      | 4 5 7 8 10 11 12 | 12.5
Earth Magic    | 4 5 7 8 10 11 12 | 12.5
Poison Magic   | 4 5 7 8 10 11 12 | 12.5
Fighting       | 1 2 3 4 5 7 9 10 12 13 | 13.2
Stealth        | 0 |  0.0
Dodging        | 3 7 9 |  9.8

Action                     |  1- 3 |  4- 6 |  7- 9 | 10-12 | 13-15 || total
---------------------------+-------+-------+-------+-------+-------++-------
  Melee: Dagger            |     4 |       |       |       |       ||     4
         Short sword       |       |       |    12 |    99 |     5 ||   116
         Punch             |       |       |     1 |     1 |       ||     2
  Throw: Dart              |       |     5 |     5 |     4 |       ||    14
         Throwing net      |       |       |       |     2 |       ||     2
   Cast: Shock             |    69 |    68 |    19 |     3 |    67 ||   226
         Static Discharge  |     4 |    13 |    18 |    59 |     1 ||    95
         Kiss of Death     |       |     3 |     3 |       |       ||     6
         Hailstorm         |       |       |     6 |    20 |       ||    26
         Swiftness         |       |       |     2 |       |       ||     2
         Airstrike         |       |       |   110 |   206 |    88 ||   404
         Agony             |       |       |       |     1 |       ||     1
         Iskenderun's Batt |       |       |       |       |    38 ||    38
 Invoke: Sacrifice Courage |       |       |     1 |       |       ||     1
         Sacrifice Stealth |       |       |       |     1 |       ||     1
         Sacrifice Artific |       |       |       |     1 |       ||     1
         Sacrifice Forms   |       |       |       |       |     1 ||     1
  Evoke: Wand              |       |       |     1 |       |       ||     1
    Use: Scroll            |       |       |    11 |     9 |     1 ||    21
         Potion            |       |       |       |     6 |       ||     6
 Armour: Robe              |    17 |    13 |       |       |       ||    30
         Leather armour    |       |    17 |    42 |    79 |       ||   138
         Troll leather arm |       |       |       |   166 |    45 ||   211
  Dodge: Dodged            |     8 |     4 |    16 |   176 |    56 ||   260

Table legend: (Time is in decaauts)
 A = Elapsed time spent in this place.
 B = Non-inter-level travel time spent in this place.
 C = Inter-level travel time spent in this place.
 D = Time resting spent in this place.
 E = Time spent auto-exploring this place.
 F = Levels seen in this place.
 G = Mean time per level.
                   A        B        C        D        E       F      G
               +--------+--------+--------+--------+--------+-----+--------+
         Total |  14147 |  13467 |    680 |    286 |  11334 |  16 |  884.2 |
       Dungeon |  11273 |  10674 |    599 |    220 |   9127 |  11 | 1024.8 |
        Temple |     53 |     23 |     30 |      0 |     21 |   1 |   53.0 |
          Lair |   1917 |   1867 |     50 |      0 |   1492 |   3 |  639.0 |
        Bailey |    903 |    903 |      0 |     66 |    694 |   1 |  903.0 |
               +--------+--------+--------+--------+--------+-----+--------+

Top non-repeatable levels by time:
     D:5: 1712 daAuts
     D:6: 1624 daAuts
     D:3: 1381 daAuts
     D:9: 1082 daAuts
    D:11: 1080 daAuts
  Lair:1: 926 daAuts
     D:4: 917 daAuts
  Bailey: 903 daAuts
     D:2: 793 daAuts
     D:7: 750 daAuts
     D:1: 743 daAuts
     D:8: 679 daAuts
  Lair:2: 663 daAuts
    D:10: 507 daAuts
  Lair:3: 327 daAuts
